 Dungeon Crawl Stone Soup version 0.31-a0-496-g6f97920a28 (webtiles) character file.

Game seed: 15165357890300533786

77 quinnr the Gusty (level 4, -5/25 HPs)
             Began as a Tengu Air Elementalist on Aug 8, 2023.
             Killed by divine providence
             ... invoked by an orc priest
              (12 damage)
             ... on level 3 of the Dungeon.
             The game lasted 00:05:05 (2359 turns).

quinnr the Gusty (Tengu Air Elementalist)           Turns: 2359, Time: 00:05:06

Health: -5/25      AC:  3    Str:  8    XL:     4   Next: 33%
Magic:  8/8        EV: 12    Int: 17    God:
Gold:   144        SH:  0    Dex: 15    Spells: 3/7 levels left

rFire   . . .        (no weapon)
rCold   . . .        (no shield)
rNeg    . . .        a - +0 robe
rPois   .            (helmet restricted)
rElec   .            (no cloak)
rCorr   .            g - +0 pair of gloves
SInv    .            (boots unavailable)
Will    .....        (no amulet)
Stlth   ++           L - ring of flight
HPRegen 0.24/turn    (no ring)
MPRegen 0.11/turn

%: no passive effects
@: flying, very slightly contaminated
A: beak, talons 3
a: no special abilities


You were on level 3 of the Dungeon.
You visited 1 branch of the dungeon, and saw 3 of its levels.

You collected 144 gold pieces.


Innate Abilities, Weirdness & Mutations

You have a beak for a mouth.
You have claws for feet.


   Skills:
 - Level 1.0 Fighting
 - Level 2.1 Dodging
 + Level 2.7 Stealth
 - Level 2.0 Spellcasting
 - Level 1.3 Conjurations
 - Level 6.0 Air Magic


You had 3 spell levels left.
You knew the following spells:

 Your Spells              Type           Power      Damage    Failure   Level
i - Swiftness             Air            22%        N/A       4%          3
z - Shock                 Conj/Air       56%        1d6       4%          1

Your spell library contained the following spells:

 Spells                   Type           Power      Damage    Failure   Level
 Static Discharge         Conj/Air       28%        2-4/arc   6%          2
 Freeze                   Ice            4%         1d3       19%         1
 Slow                     Hex            4%         N/A       19%         1
 Hailstorm                Conj/Ice       4%         3d4       41%         3
 Stone Arrow              Conj/Erth      8%         3d7       41%         3
 Confusing Touch          Hex            1%         N/A       50%         3
 Frozen Ramparts          Ice            2%         1d1       50%         3
 Vampiric Draining        Necr           1%         2d6       50%         3
 Airstrike                Air            11%        2d(2-18)  16%         4
 Animate Armour           Summ/Erth      2%         N/A       88%         4
 Lehudib's Crystal Spear  Conj/Erth      2%         10d2      100%        8

Inventory:

Missiles
 c - a throwing net {=f}
Armour
 a - a +0 robe (worn)
 g - a +0 pair of gloves (worn)
Jewellery
 L - a ring of flight (left hand)
Talismans
 i - a flux talisman
Scrolls
 d - a scroll of torment {unknown}
 h - a scroll of poison {unknown}
 k - a scroll of enchant weapon {unknown}
 l - 2 scrolls of identify {unknown}
 n - a scroll of teleportation {unknown}
Potions
 e - a potion of haste {unknown}
 f - a potion of berserk rage {unknown}
 j - 2 potions of curing {unknown}
 m - a potion of might {unknown}
 o - a potion of heal wounds {unknown}

Dungeon Overview and Level Annotations

Branches:
Dungeon (3/15)

Altars:
Kikubaaqudgha

######..o
#....oo..
.#.####.#
........#####.#
##.#..##o.....#
##. #.###### .
#o# ⚑. #@# ..
#.# ### #.#
#.##### #.#
#...... ###.#
#####.# #...#
#.# #.### #.#
#.# #.# #.# #.#


You could see an orc priest and an orc.


Message History

Unknown command.
Unknown command.
Casting: Shock (safe; 4% risk of failure)
Confirm with . or Enter, or press ? or * to list all spells.
Aiming: Shock (safe; 4% risk of failure)
Press: ? - help, Shift-Dir - straight line The zap misses the orc. x2; The zap hits the orc priest.
The orc priest is severely wounded.
The orc misses you.
Unknown command.
Unknown command.
Magic courses through your body. The orc closely misses you.
Casting: Shock (safe; 4% risk of failure)
Confirm with . or Enter, or press ? or * to list all spells.
Aiming: Shock (safe; 4% risk of failure)
Press: ? - help, Shift-Dir - straight line The zap hits the orc.
The orc is almost dead.
The zap hits the orc.
You kill the orc!
The zap misses the orc priest.
The orc barely misses you.
Unknown command.
Casting: Shock (safe; 4% risk of failure)
Confirm with . or Enter, or press ? or * to list all spells.
Aiming: Shock (safe; 4% risk of failure)
Press: ? - help, Shift-Dir - straight line
Okay, then.
The orc priest calls down the wrath of Beogh upon you.
Beogh smites you!
You die...

Skill      XL: |  1  2  3 |
---------------+----------+-----
Air Magic      | 5 6 |  6.0
Fighting       | 1 |  1.0
Dodging        | |  2.1
Stealth        | |  2.7
Spellcasting   | |  2.0
Conjurations   | |  1.3

Action                     |  1- 3 |  4- 6 || total
---------------------------+-------+-------++-------
  Melee: Unarmed           |     3 |     1 ||     4
         Kick              |     1 |     1 ||     2
   Cast: Shock             |    80 |    28 ||   108
    Use: Potion            |       |     1 ||     1
 Armour: Robe              |     7 |     1 ||     8
  Dodge: Dodged            |    21 |     8 ||    29

Levels and vault maps discovered:
D:1:      saegor_arrival_simple_a, layout_basic,
          dreamdust_ecumenical_altar_grove, minivault_25
D:2:      layout_loops_ring
D:3:      layout_loops_ring, tgw_kikubaaqudgha,
          mainiacjoe_overflow_concentric_impassable,
          mainiacjoe_overflow_alcove_2, amethyst_killhole,
          dreamdust_princess_bridge

Notes
Turn   | Place    | Note
-------+----------+-------------------------------------------
     0 | D:1      | quinnr the Tengu Air Elementalist began the quest for the
                  | Orb.
     0 | D:1      | Reached XP level 1. HP: 10/10 MP: 4/4
   214 | D:1      | Reached XP level 2. HP: 15/15 MP: 3/6
   317 | D:1      | Reached skill level 5 in Air Magic
   609 | D:1      | Found a faded altar of an unknown god.
   727 | D:1      | Reached XP level 3. HP: 19/19 MP: 4/7
  1295 | D:2      | Reached skill level 6 in Air Magic
  1573 | D:2      | Reached skill level 1 in Fighting
  1573 | D:2      | Reached XP level 4. HP: 25/25 MP: 3/8
  1577 | D:2      | Learned a level 3 spell: Swiftness
  2340 | D:3      | Found an ancient bone altar of Kikubaaqudgha.
  2359 | D:3      | Killed from afar by an orc priest

Vanquished Creatures
  2 adders (D:2)
  2 dart slugs
  3 orcs (D:3)
  5 ball pythons
  6 endoplasms
  2 giant cockroaches (D:1)
  2 goblins
  4 hobgoblins
  2 jackals (D:1)
  5 kobolds
  3 quokkas
  6 bats
  3 frilled lizards
  2 rats
47 creatures vanquished.

Table legend: (Time is in decaauts)
 A = Elapsed time spent in this place.
 B = Non-inter-level travel time spent in this place.
 C = Inter-level travel time spent in this place.
 D = Time resting spent in this place.
 E = Time spent auto-exploring this place.
 F = Levels seen in this place.
 G = Mean time per level.
                   A        B        C        D        E       F      G
               +--------+--------+--------+--------+--------+-----+--------+
         Total |   2358 |   2320 |     38 |      0 |   2043 |   3 |  786.0 |
       Dungeon |   2358 |   2320 |     38 |      0 |   2043 |   3 |  786.0 |
               +--------+--------+--------+--------+--------+-----+--------+

Top non-repeatable levels by time:
     D:1: 1114 daAuts
     D:2: 825 daAuts
     D:3: 418 daAuts

Table legend:
 A = Non-vault XP
 B = Vault XP
 C = Vault XP percentage of total XP
 D = Non-vault monster count
 E = Vault monster count
 F = Vault count percentage of total count
                 A         B        C        D         E       F
            +---------+---------+-------+---------+---------+-------
      Total |     110 |       0 |   0.0 |      47 |       0 |   0.0
            +---------+---------+-------+---------+---------+-------
        D:1 |      42 |       0 |   0.0 |      24 |       0 |   0.0
        D:2 |      46 |       0 |   0.0 |      14 |       0 |   0.0
        D:3 |      22 |       0 |   0.0 |       9 |       0 |   0.0
            +---------+---------+-------+---------+---------+-------

Levels and vault maps discovered:
D:1:      saegor_arrival_simple_a, layout_basic,
          dreamdust_ecumenical_altar_grove, minivault_25
D:2:      layout_loops_ring
D:3:      layout_loops_ring, tgw_kikubaaqudgha,
          mainiacjoe_overflow_concentric_impassable,
          mainiacjoe_overflow_alcove_2, amethyst_killhole,
          dreamdust_princess_bridge
